 Dungeon Sprint DCSS version 0.19.1 (webtiles) character file.

1252 KingBobo974 the Covert (level 8, -5/57 HPs)
             Began as a Vine Stalker Assassin on Dec 13, 2016.
             Was a Follower of Dithmenos.
             Shot with an arrow by a centaur warrior (13 damage)
             ... in the Dungeon (Sprint I: "Red Sonja").
             The game lasted 00:04:26 (272 turns).

KingBobo974 the Covert (Vine Stalker Assassin)       Turns: 272, Time: 00:04:27

Health: -5/57      AC:  4    Str: 18    XL:     8   Next: 51%
Magic:  0/9        EV: 11    Int: 11    God:    Dithmenos [*.....]
Gold:   405        SH:  0    Dex: 19    Spells: 0 memorised, 7 levels left

rFire  . . .     SeeInvis .     a - +2 dagger
rCold  . . .     Gourm    .     n - +0 leather armour {rN+}
rNeg   + . .     Faith    .     (no shield)
rPois  .         Spirit   +     (no helmet)
rElec  .         Reflect  .     d - +0 cloak
rCorr  .         Harm     .     (no gloves)
MR     +....     NoTele   +     (no boots)
Stlth  ..........               (no amulet)
                                (no ring)
                                (no ring)

@: berserking, wreathed by umbra, very quick
A: fangs 3, regeneration 1, magic shield, antimagic bite, no device heal 3, rot
immunity
a: Renounce Religion


You were in the Dungeon.
You worshipped Dithmenos.
Dithmenos was aware of your devotion.
You were not hungry.

You visited 1 branch You collected 405 gold pieces.

Inventory:

Hand Weapons
 a - a +2 dagger (weapon)
 b - a +0 blowgun
Missiles
 e - 7 poisoned needles
 f - 2 curare-tipped needles
Armour
 c - a +0 robe
 d - a +0 cloak (worn)
 n - a +0 leather armour of positive energy (worn)
Scrolls
 m - a scroll of blinking
Potions
 h - 3 potions of curing
 i - a potion of heal wounds
 j - a potion of haste
 k - 2 potions of magic
Comestibles
 g - a bread ration


   Skills:
 - Level 1.7 Fighting
 * Level 10.0 Short Blades
 * Level 9.9 Throwing
 - Level 0.7 Dodging
 * Level 13.9 Stealth


You had 7 spell levels left.
You didn't know any spells.

Dungeon Overview and Level Annotations

Branches:
Dungeon (1/1)

Altars:
Cheibriados
Dithmenos
Elyvilon
Fedhas
Gozag
Hepliaklqana
Kikubaaqudgha
Makhleb
Nemelex Xobeh
Okawaru
Qazlal
Ru
Sif Muna
Trog
Uskayaw
Vehumet
Xom
Yredelemnul
Zin
The Shining One
Jiyva
Lugonu

Shops:
D *


Innate Abilities, Weirdness & Mutations

You have razor-sharp teeth.
Your natural rate of healing is unusually fast.
When hurt, damage is shared between your health and your magic reserves.
Your bite disrupts and absorbs the magic of your enemies.
Potions and wands cannot restore your health.
You are immune to rotting.


Message History

The centaur warrior shoots an arrow.
The arrow hits you!
* * * LOW HITPOINT WARNING * * *
You hear a splash.
The centaur warrior hits you but does no damage.
You open the door.
The centaur warrior shoots an arrow.
The arrow barely misses you. The centaur warrior hits you.
* * * LOW HITPOINT WARNING * * *
Found 3 scrolls labeled BUMMIXKUWUU and a green potion.
The centaur warrior hits you!
* * * LOW HITPOINT WARNING * * *
Found 7 needles of sleeping and a plate armour.
There is an open door, spattered with blood here.
You see here 7 needles of sleeping.
Wield which item (- for none, * to show all)? (? for menu, Esc to quit)
a - a +2 dagger (weapon)
The centaur warrior hits you but does no damage.
A red film seems to cover your vision as you go berserk!
You feel yourself moving faster!
You feel mighty!
The centaur warrior shoots an arrow.
The arrow hits you!
You die...

.#.)'..#..'..#__#..'..)#
.'..#.)').#..'..'..#...#
.#####'#####'#__####)..+
.####..#...#.####§§#####
.#__####..##.#§§§§§#
.#_____##'#..§§§§§§+
⌠#_.∩...'..._#§c§§§#
##_..__##_.#'##'####
#_____###+#(#!c@[#
####### ####+###


You could see 2 centaur warriors.

Vanquished Creatures
  2 kobold demonologists (D)
  A slime creature (D)
  Sigmund (D)
  A yak (D)
  A floating eye (D)
  An ogre (D)
  A jelly (D)
  Ijyb (D)
9 creatures vanquished.

Notes
Turn   | Place    | Note
-------+----------+-------------------------------------------
     0 | D        | KingBobo974 the Vine Stalker Assassin began the quest for the Orb.
     0 | D        | Reached XP level 1. HP: 11/11 MP: 2/2
     2 | D        | Noticed Ijyb
     8 | D        | Killed Ijyb
     8 | D        | Reached skill level 6 in Stealth
     8 | D        | Reached XP level 2. HP: 15/15 MP: 3/3
     8 | D        | Reached XP level 3. HP: 18/18 MP: 4/4
    25 | D        | Noticed an ogre
    29 | D        | Killed an ogre
    29 | D        | Reached skill level 5 in Short Blades
    29 | D        | Reached skill level 5 in Throwing
    29 | D        | Reached skill level 8 in Stealth
    29 | D        | Gained mutation: Your natural rate of healing is unusually fast. [Vine Stalker growth]
    29 | D        | Reached XP level 4. HP: 23/23 MP: 5/5
    41 | D        | Noticed Sigmund
    62 | D        | Killed Sigmund
    62 | D        | Reached skill level 10 in Stealth
    62 | D        | Reached XP level 5. HP: 12/26 MP: 6/6
    62 | D        | Reached XP level 6. HP: 14/30 MP: 7/7
    78 | D        | Found a deep blue altar of Sif Muna.
    80 | D        | Found a radiant altar of Vehumet.
   114 | D        | Found Etosin's General Store.
   114 | D        | Found an ancient bone altar of Kikubaaqudgha.
   114 | D        | Found a hazy altar of Hepliaklqana.
   114 | D        | Found a stormy altar of Qazlal.
   114 | D        | Found a hide-covered altar of Uskayaw.
   114 | D        | Found a blossoming altar of Fedhas.
   114 | D        | Found a bloodstained altar of Trog.
   114 | D        | Found an iron altar of Okawaru.
   114 | D        | Found a basalt altar of Yredelemnul.
   114 | D        | Found a glowing golden altar of the Shining One.
   114 | D        | Found a snail-covered altar of Cheibriados.
   114 | D        | Found a sacrificial altar of Ru.
   114 | D        | Found a glowing silver altar of Zin.
   114 | D        | Found a shadowy altar of Dithmenos.
   114 | D        | Found a white marble altar of Elyvilon.
   114 | D        | Noticed a yak
   115 | D        | Found an opulent altar of Gozag.
   116 | D        | Killed a yak
   116 | D        | Reached skill level 11 in Stealth
   116 | D        | Reached XP level 7. HP: 34/34 MP: 8/8
   117 | D        | Found a sparkling altar of Nemelex Xobeh.
   125 | D        | Became a worshipper of Dithmenos the Shadowed
   141 | D        | Found a burning altar of Makhleb.
   141 | D        | Found a viscous altar of Jiyva.
   141 | D        | Found a shimmering altar of Xom.
   141 | D        | Found a corrupted altar of Lugonu.
   141 | D        | Noticed a slime creature
   144 | D        | Killed a slime creature
   144 | D        | Reached skill level 12 in Stealth
   161 | D        | Noticed a kobold demonologist
   162 | D        | Noticed a kobold demonologist
   164 | D        | Killed a kobold demonologist
   164 | D        | Reached skill level 13 in Stealth
   164 | D        | Gained mutation: You have razor-sharp teeth. [Vine Stalker growth]
   164 | D        | Reached XP level 8. HP: 38/38 MP: 9/9
   165 | D        | Reached * piety under Dithmenos
   177 | D        | Noticed a rust devil
   202 | D        | Killed a kobold demonologist
   202 | D        | Reached skill level 10 in Short Blades
   262 | D        | Noticed a centaur warrior
   264 | D        | Noticed a centaur warrior
   272 | D        | Shot with an arrow by a centaur warrior

Skill      XL: |  1  2  3  4  5  6  7  8 |
---------------+-------------------------+-----
Short Blades   | 3 5 6 7 9 10 | 10.0
Throwing       | 3 5 6 7 9 |  9.9
Stealth        | 6 8 10 11 13 | 13.9
Fighting       | |  1.7
Dodging        | |  0.7

Action                   |  1- 3 |  4- 6 |  7- 9 || total
-------------------------+-------+-------+-------++-------
Melee: Dagger            |     5 |    22 |    36 ||    63
       Bite              |       |     8 |    12 ||    20
 Fire: Blowgun           |       |     1 |     2 ||     3
  Use: Potion            |       |       |     1 ||     1
 Stab: Sleeping          |     2 |     1 |     3 ||     6
Armor: Leather armour    |       |     1 |     3 ||     4
Dodge: Dodged            |       |     4 |    18 ||    22
